 Dungeon Crawl Stone Soup version 0.23-a0-299-g9a66eeb (webtiles) character file.

206 epen the Poker (level 5, -1/42 HPs)
             Began as a Merfolk Monk on Oct 6, 2018.
             Shot with a stone by a goblin (7 damage)
             ... on level 4 of the Dungeon.
             The game lasted 00:04:02 (3142 turns).

epen the Poker (Merfolk Monk)                       Turns: 3142, Time: 00:04:03

Health: -1/42      AC:  2    Str: 12    XL:     5   Next: 84%
Magic:  5/5        EV: 15    Int: 10    God:
Gold:   117        SH:  0    Dex: 16    Spells: 4/4 levels left

rFire    . . .     SeeInvis .   f - +0 halberd
rCold    . . .     Gourm    .   (shield currently unavailable)
rNeg     . . .     Faith    .   b - +0 robe
rPois    .         Spirit   .   (no helmet)
rElec    .         Reflect  .   (no cloak)
rCorr    .         Harm     .   (no gloves)
MR       .....                  (no boots)
Stlth    ++........             (no amulet)
HPRegen  0.14/turn              (no ring)
MPRegen  0.09/turn              (no ring)

@: no status effects
A: change form in water, swift swim, stealthy swim
a: no special abilities


You were on level 4 of the Dungeon.
You were not hungry.

You visited 1 branch of the dungeon, and saw 4 of its levels.

You collected 117 gold pieces.

Inventory:

Hand Weapons
 a - a +0 spear
 f - a +0 halberd (weapon)
Armour
 b - a +0 robe (worn)
Wands
 k - a wand of iceblast (4)
Scrolls
 e - 2 scrolls of magic mapping
 g - a scroll of remove curse
 h - a scroll of identify
Potions
 d - a potion of brilliance
 i - a potion of curing
 j - a potion of flight
 l - a potion of heal wounds {unknown}
Comestibles
 c - 5 rations


   Skills:
 + Level 4.2 Fighting
 * Level 6.6 Polearms
 + Level 1.5 Armour
 + Level 5.2 Dodging
 - Level 2.1 Stealth


You had 4 spell levels left.
You didn't know any spells.
Your spell library contained the following spells:

 Spells                   Type           Power        Failure   Level  Hunger
 Summon Small Mammal      Summ           #...         36%         1    ##.....
 Call Imp                 Summ           #.......     50%         2    ###....
 Call Canine Familiar     Summ           #.......     75%         3    ####...
 Summon Guardian Golem    Hex/Summ       #.......     75%         3    ####...
 Summon Ice Beast         Ice/Summ       #.......     98%         4    #####..
 Summon Lightning Spire   Summ/Air       #.......     98%         4    #####..


Dungeon Overview and Level Annotations

Branches:
Dungeon (4/15)
 Temple: D:4-7

Altars:

Annotations:
D:4 Robin


Message History

Press: ? - help, Dir - move target cursor, f - you That would be overly suicidal.
Okay, then.
Attack whom?
Press: ? - help, Dir - move target cursor
Okay, then.
The goblin shoots a stone.
The stone hits you.
* * * LOW HITPOINT WARNING * * *
You hear a splash.
You see here a stone.
A goblin is nearby!
The goblin shoots a stone.
The stone barely misses you.
A goblin is nearby!
You start resting.
The goblin is too close now for your liking.
You close the door, pushing everything out of the way.
You start resting.
A goblin opens the door.
It is wielding a hunting sling.
The goblin shoots a stone.
The stone hits you!
You die...

##########†g.#
#...g........#
#.g..†..†g...#
##'##...).##+##
#≈≈. #...#†....#
#≈≈. #...#...g)#
#≈≈..#.g.#(...g#
#≈≈..##'##(..g.#
#≈≈....@.#(g...#
#≈≈≈.....#.gg..# .#
##≈≈≈≈≈≈≈#....g#
≈≈#
##≈≈≈≈≈(##gg'##≈≈≈#
#####≈≈≈≈gg.≈≈≈≈#
###≈≈...≈≈###
##g..g### ##.####
#..#


You could see Robin and 2 goblins.

Vanquished Creatures
  A hound (D:3)
  An iguana (D:4)
  4 gnolls
  4 adders
  A worm (D:2)
  2 leopard geckos (D:3)
  4 giant cockroaches
  14 goblins
  6 hobgoblins
  10 jackals
  6 kobolds
  A quokka (D:3)
  10 bats
  6 frilled lizards
  2 rats (D:1)
72 creatures vanquished.

Vanquished Creatures (others)
  A jackal (D:4)
1 creature vanquished.

Grand Total: 73 creatures vanquished

Notes
Turn   | Place    | Note
-------+----------+-------------------------------------------
     0 | D:1      | epen the Merfolk Monk began the quest for the Orb.
     0 | D:1      | Reached XP level 1. HP: 18/18 MP: 1/1
   128 | D:1      | Reached XP level 2. HP: 20/24 MP: 2/2
   168 | D:1      | Reached skill level 5 in Polearms
   571 | D:1      | Reached XP level 3. HP: 29/29 MP: 3/3
  1018 | D:2      | Reached XP level 4. HP: 37/37 MP: 4/4
  1206 | D:2      | Reached skill level 1 in Armour
  1697 | D:3      | Reached skill level 6 in Polearms
  1979 | D:2      | Reached XP level 5. HP: 35/42 MP: 5/5
  2259 | D:3      | Reached skill level 5 in Dodging
  3093 | D:4      | Noticed Robin
  3142 | D:4      | Shot with a stone by a goblin

Vault maps used:
D:1:      minmay_arrival_arboretum_small
D:2:      first_ration, kennysheep_path_1
D:3:      kennysheep_the_goblin_king, minmay_misc_feat_ornament
D:4:      kennysheep_goblin_castle, serial_shops, shop, kennysheep_mini,
          nicolae_shop_crystal, nicolae_shop_trees, eino_tiny_chamber,
          elyvilon_altar_4

Skill      XL: |  1  2  3  4  5 |
---------------+----------------+-----
Polearms       | 5 6 |  6.6
Armour         | 1 |  1.5
Fighting       | 4 |  4.2
Dodging        | 5 |  5.2
Stealth        | |  2.1

Action                   |  1- 3 |  4- 6 || total
-------------------------+-------+-------++-------
Melee: Spear             |   128 |   160 ||   288
       Halberd           |       |    28 ||    28
Evoke: Wand              |       |     1 ||     1
  Use: Scroll            |       |     7 ||     7
 Stab: Sleeping          |     7 |     6 ||    13
       Distracted        |       |     1 ||     1
  Eat: Chunk             |       |     7 ||     7
Armor: Robe              |    12 |    17 ||    29
Dodge: Dodged            |    75 |   154 ||   229

Table legend:
 A = Non-vault XP
 B = Vault XP
 C = Vault XP percentage of total XP
 D = Non-vault monster count
 E = Vault monster count
 F = Vault count percentage of total count
                 A         B        C        D         E       F
            +---------+---------+-------+---------+---------+-------
      Total |     265 |      30 |  10.2 |      56 |      16 |  22.2
            +---------+---------+-------+---------+---------+-------
        D:1 |      35 |       0 |   0.0 |      15 |       0 |   0.0
        D:2 |      80 |       0 |   0.0 |      17 |       0 |   0.0
        D:3 |     111 |      13 |  10.5 |      22 |       7 |  24.1
        D:4 |      39 |      17 |  30.4 |       2 |       9 |  81.8
            +---------+---------+-------+---------+---------+-------
